BR (22 & UNDER)
PLYMOUTH COCKS @ PUEBLO PRAIRIE DOGS
08/24/2029
 
TOP OF THE 1ST
Plymouth Cocks batting - Pitching for Pueblo Prairie Dogs : RHP Thomas Fournier
Pitching: RHP Thomas Fournier
Batting: SHB José Chávez 0-0: Called Strike
0-1: Ball
1-1: Swinging Strike
1-2: Ball
2-2: Strikes out swinging
Batting: RHB Rafael Vargas 0-0: Ball
1-0: Foul Ball, location: 2F
1-1: Foul Ball, location: 2F
1-2: Ball
2-2: Strikes out swinging
Batting: LHB T.J. Richardson 0-0: Ball
1-0: Ball
2-0: Ground out 4-3 (Groundball, 34D)
Top of the 1st over - 0 runs, 0 hits, 0 errors, 0 left on base; Plymouth 0 - Pueblo 0
BOTTOM OF THE 1ST
Pueblo Prairie Dogs batting - Pitching for Plymouth Cocks : LHP William Evans
Pitching: LHP William Evans
Batting: RHB Steve Murphy 0-0: Called Strike
0-1: SINGLE (Groundball, 4MD)
Batting: RHB Jason Fuller 0-0: Ball
1-0: Ball
2-0: Called Strike
2-1: Foul Ball, location: 2F
2-2: Ball
3-2: Foul Ball, location: 2F
3-2: Foul Ball, location: 2F
3-2: Base on Balls
Steve Murphy to second
Batting: RHB Clancy Castro 0-0: Swinging Strike
0-1: Foul Ball, location: 2F
0-2: SINGLE (Flyball, 78M)
Steve Murphy to third
Jason Fuller to second
Batting: RHB Eric Barthorpe 0-0: Swinging Strike
0-1: Ball
1-1: Ball
2-1: Fielders Choice at 2nd, 3-6 (Groundball, 34)
Steve Murphy scores
Jason Fuller to third
Batting: SHB Jeff Page 0-0: Grounds into double play, 6-4-3 (Groundball, 56)
Bottom of the 1st over - 1 run, 2 hits, 0 errors, 1 left on base; Plymouth 0 - Pueblo 1
TOP OF THE 2ND
Plymouth Cocks batting - Pitching for Pueblo Prairie Dogs : RHP Thomas Fournier
Batting: RHB Dwayne Roldán 0-0: Fly out, F9 (Flyball, 9S)
Batting: RHB Jeffrey Barker 0-0: Ball
1-0: Swinging Strike
1-1: Ground out 4-3 (Groundball, 4)
Batting: RHB Sam Elder 0-0: Called Strike
0-1: Ground out 6-3 (Groundball, 6)
Top of the 2nd over - 0 runs, 0 hits, 0 errors, 0 left on base; Plymouth 0 - Pueblo 1
BOTTOM OF THE 2ND
Pueblo Prairie Dogs batting - Pitching for Plymouth Cocks : LHP William Evans
Batting: RHB Harry Wilkins 0-0: Foul Ball, location: 2F
0-1: Ground out 5-3 (Groundball, 5)
Batting: LHB Jesse Bowen 0-0: Called Strike
0-1: Called Strike
0-2: Ball
1-2: Strikes out swinging
Batting: RHB Pedro Cavazos 0-0: Foul Ball, location: 2F
0-1: Reached on error, E6 (Groundball, 6)
Batting: RHB Ramón Garza 0-0: Fielders Choice at 2nd, 5-4 (Groundball, 56)
Bottom of the 2nd over - 0 runs, 0 hits, 1 error, 1 left on base; Plymouth 0 - Pueblo 1
TOP OF THE 3RD
Plymouth Cocks batting - Pitching for Pueblo Prairie Dogs : RHP Thomas Fournier
Batting: RHB Marcos Pérez 0-0: Ground out 4-3 (Groundball, 4)
Batting: RHB José González 0-0: DOUBLE (Line Drive, 7LS)
Batting: LHB Vito Ramírez 0-0: Called Strike
0-1: Foul Ball, location: 2F
0-2: Ball
1-2: Ball
2-2: Foul Ball, location: 2F
2-2: Foul Ball, location: 2F
2-2: Ball
3-2: Fly out, F3 (Line Drive, 3S)
Batting: SHB José Chávez 0-0: Foul Ball, location: 2F
0-1: Ball
1-1: Ball
2-1: Ground out 6-3 (Groundball, 6S)
Top of the 3rd over - 0 runs, 1 hit, 0 errors, 1 left on base; Plymouth 0 - Pueblo 1
BOTTOM OF THE 3RD
Pueblo Prairie Dogs batting - Pitching for Plymouth Cocks : LHP William Evans
Batting: RHB Steve Murphy 0-0: Called Strike
0-1: Called Strike
0-2: Ball
1-2: Foul Ball, location: 2F
1-2: Ball
2-2: Foul Ball, location: 2F
2-2: Foul Ball, location: 2F
2-2: Strikes out swinging
Batting: RHB Jason Fuller 0-0: Fly out, F8 (Flyball, 78D)
Batting: RHB Clancy Castro 0-0: Ball
1-0: Fly out, F3 (Popup, 3SF)
Bottom of the 3rd over - 0 runs, 0 hits, 0 errors, 0 left on base; Plymouth 0 - Pueblo 1
TOP OF THE 4TH
Plymouth Cocks batting - Pitching for Pueblo Prairie Dogs : RHP Thomas Fournier
Batting: RHB Rafael Vargas 0-0: Ball
1-0: Ball
2-0: Called Strike
2-1: Foul Ball, location: 2F
2-2: Fly out, F8 (Flyball, 78D)
Batting: LHB T.J. Richardson 0-0: Ball
1-0: Called Strike
1-1: Called Strike
1-2: Fly out, F8 (Flyball, 8LD)
Batting: RHB Dwayne Roldán 0-0: Ground out 5-3 (Groundball, 5)
Top of the 4th over - 0 runs, 0 hits, 0 errors, 0 left on base; Plymouth 0 - Pueblo 1
BOTTOM OF THE 4TH
Pueblo Prairie Dogs batting - Pitching for Plymouth Cocks : LHP William Evans
Batting: RHB Eric Barthorpe 0-0: Called Strike
0-1: Called Strike
0-2: Ball
1-2: Foul Ball, location: 2F
1-2: Ball
2-2: Strikes out looking
Batting: SHB Jeff Page 0-0: Foul Ball, location: 2F
0-1: Called Strike
0-2: Foul Ball, location: 2F
0-2: Single, Error in OF, E8, batter to second base
Batting: RHB Harry Wilkins 0-0: Ball
1-0: Called Strike
1-1: Fly out, F3 (Popup, 3SF)
Batting: LHB Jesse Bowen 0-0: Ball
1-0: Swinging Strike
1-1: Called Strike
1-2: Ball
2-2: Ball
3-2: Strikes out swinging
Bottom of the 4th over - 0 runs, 1 hit, 1 error, 1 left on base; Plymouth 0 - Pueblo 1
TOP OF THE 5TH
Plymouth Cocks batting - Pitching for Pueblo Prairie Dogs : RHP Thomas Fournier
Batting: RHB Jeffrey Barker 0-0: Ball
1-0: Called Strike
1-1: Ball
2-1: Foul Ball, location: 2F
2-2: Foul Ball, location: 2F
2-2: Ball
3-2: SINGLE (Groundball, 56S) (infield hit)
Batting: RHB Sam Elder 0-0: Fly out, F5 (Line Drive, 56)
Batting: RHB Marcos Pérez 0-0: Called Strike
Jeffrey Barker steals 2nd base
0-1: Ball
1-1: Ball
Wild Pitch!
Jeffrey Barker to third
2-1: Ball
3-1: Base on Balls
Batting: RHB José González 0-0: Ball
1-0: Ball
2-0: Ball
3-0: Base on Balls
Marcos Pérez to second
Batting: LHB Vito Ramírez 0-0: Swinging Strike
0-1: Ball
1-1: Ball
2-1: Fly out, F5 (Line Drive, 5S)
Batting: SHB José Chávez 0-0: Ball
1-0: Called Strike
1-1: Fly out, F9 (Flyball, 9LM)
Top of the 5th over - 0 runs, 1 hit, 0 errors, 3 left on base; Plymouth 0 - Pueblo 1
BOTTOM OF THE 5TH
Pueblo Prairie Dogs batting - Pitching for Plymouth Cocks : LHP William Evans
Batting: RHB Pedro Cavazos 0-0: Foul Ball, location: 2F
0-1: Swinging Strike
0-2: Ball
1-2: Strikes out swinging
Batting: RHB Ramón Garza 0-0: SOLO HOME RUN (Flyball, 7D), Distance : 419 ft
Batting: RHB Steve Murphy 0-0: Called Strike
0-1: SINGLE (Groundball, 4S) (infield hit)
Batting: RHB Jason Fuller 0-0: Foul Ball, location: 2F
0-1: Ball
1-1: Fly out, F9 (Flyball, 9S)
Batting: RHB Clancy Castro 0-0: Called Strike
0-1: Fly out, F9 (Flyball, 9LMF)
Bottom of the 5th over - 1 run, 2 hits, 0 errors, 1 left on base; Plymouth 0 - Pueblo 2
TOP OF THE 6TH
Plymouth Cocks batting - Pitching for Pueblo Prairie Dogs : RHP Thomas Fournier
Batting: RHB Rafael Vargas 0-0: Ball
1-0: Foul Ball, location: 2F
1-1: Ball
2-1: Ball
3-1: Fly out, F9 (Flyball, 89S)
Batting: LHB T.J. Richardson 0-0: Called Strike
0-1: Ball
1-1: Foul Ball, location: 2F
1-2: Ball
2-2: Foul Ball, location: 2F
2-2: Foul Ball, location: 2F
2-2: Ball
3-2: Foul Ball, location: 2F
3-2: SINGLE (Groundball, 56D)
Batting: RHB Dwayne Roldán 0-0: Ball
T.J. Richardson steals 2nd base
1-0: Foul Ball, location: 2F
1-1: Called Strike
T.J. Richardson is caught stealing 3rd base
1-2: Ball
2-2: Fly out, F3 (Popup, 34)
Top of the 6th over - 0 runs, 1 hit, 0 errors, 0 left on base; Plymouth 0 - Pueblo 2
BOTTOM OF THE 6TH
Pueblo Prairie Dogs batting - Pitching for Plymouth Cocks : LHP William Evans
Batting: RHB Eric Barthorpe 0-0: Called Strike
0-1: Foul Ball, location: 2F
0-2: Ball
1-2: Foul Ball, location: 2F
1-2: Ball
2-2: Ball
3-2: DOUBLE (Line Drive, 9D)
Batting: SHB Jeff Page 0-0: Ball
1-0: Foul Ball, location: 2F
1-1: SINGLE (Groundball, 5D)
Eric Barthorpe to third
Runner from 3rd tries for Home, SAFE, no throw
Batting: RHB Harry Wilkins 0-0: Ball
1-0: Fielders Choice at 2nd, 1-6 (Groundball, 13S)
Batting: LHB Jesse Bowen 0-0: Fly out, F3 (Popup, 23)
Batting: RHB Pedro Cavazos 0-0: Ball
1-0: Ball
2-0: Called Strike
2-1: Ground out 5-3 (Groundball, 56S)
Bottom of the 6th over - 1 run, 2 hits, 0 errors, 1 left on base; Plymouth 0 - Pueblo 3
TOP OF THE 7TH
Plymouth Cocks batting - Pitching for Pueblo Prairie Dogs : RHP Thomas Fournier
Batting: RHB Jeffrey Barker 0-0: Ground out 6-3 (Groundball, 6S)
Batting: RHB Sam Elder 0-0: Ball
1-0: Ball
2-0: Called Strike
2-1: Ground out 6-3 (Groundball, 6)
Batting: RHB Marcos Pérez 0-0: Called Strike
0-1: Foul Ball, location: 2F
0-2: Foul Ball, location: 2F
0-2: SOLO HOME RUN (Flyball, 7LD), Distance : 367 ft
Batting: RHB José González 0-0: Ball
1-0: Foul Ball, location: 2F
1-1: Swinging Strike
1-2: Ball
2-2: SINGLE (Flyball, 89S)
Pitching: LHP Earnest Patterson
Batting: LHB Vito Ramírez 0-0: Ball
1-0: SINGLE (Line Drive, 7S)
José González to second
Pinch Hitting: RHB Rafael Hill 0-0: Ball
1-0: Called Strike
1-1: Swinging Strike
1-2: Strikes out swinging
Top of the 7th over - 1 run, 3 hits, 0 errors, 2 left on base; Plymouth 1 - Pueblo 3
BOTTOM OF THE 7TH
Pueblo Prairie Dogs batting - Pitching for Plymouth Cocks : LHP William Evans
Now in CF: Diego Molina
Batting: RHB Ramón Garza 0-0: Called Strike
0-1: Fly out, F5 (Line Drive, 56)
Batting: RHB Steve Murphy 0-0: Called Strike
0-1: Ball
1-1: Ball
2-1: Foul Ball, location: 2F
2-2: Foul Ball, location: 2F
2-2: Foul Ball, location: 2F
2-2: Ball
3-2: Base on Balls
Batting: RHB Jason Fuller 0-0: Ball
1-0: Called Strike
1-1: Swinging Strike
1-2: Ball
2-2: SINGLE (Flyball, 9S)
Steve Murphy to second
Runner from 2nd tries for 3rd, SAFE, no throw
Batting: RHB Clancy Castro 0-0: Ground out 5-3 (Groundball, 56)
Jason Fuller to second
Batting: RHB Eric Barthorpe 0-0: Called Strike
0-1: Ball
1-1: Foul Ball, location: 2F
1-2: Ball
2-2: Ball
3-2: Ground out U3 (Groundball, 3L)
Bottom of the 7th over - 0 runs, 1 hit, 0 errors, 2 left on base; Plymouth 1 - Pueblo 3
TOP OF THE 8TH
Plymouth Cocks batting - Pitching for Pueblo Prairie Dogs : LHP Earnest Patterson
Batting: RHB Rafael Vargas 0-0: Called Strike
0-1: Ball
1-1: Swinging Strike
1-2: Ball
2-2: Foul Ball, location: 2F
2-2: Foul Ball, location: 2F
2-2: Strikes out looking
Batting: LHB T.J. Richardson 0-0: Ball
1-0: Fly out, F7 (Flyball, 78D)
Batting: RHB Dwayne Roldán 0-0: Called Strike
0-1: Ball
1-1: Fly out, F9 (Flyball, 89M)
Top of the 8th over - 0 runs, 0 hits, 0 errors, 0 left on base; Plymouth 1 - Pueblo 3
BOTTOM OF THE 8TH
Pueblo Prairie Dogs batting - Pitching for Plymouth Cocks : LHP William Evans
Pitching: RHP José Flores
Batting: SHB Jeff Page 0-0: Swinging Strike
0-1: Ball
1-1: Called Strike
1-2: Strikes out looking
Batting: RHB Harry Wilkins 0-0: Fly out, F9 (Flyball, 89M)
Batting: LHB Jesse Bowen 0-0: DOUBLE (Line Drive, 7LS)
Batting: RHB Pedro Cavazos 0-0: Ball
1-0: Ball
2-0: Ball
3-0: Called Strike
3-1: Swinging Strike
3-2: Base on Balls
Pinch Hitting: LHB Bartholomeu Marrafa 0-0: Ball
1-0: Ball
2-0: Swinging Strike
2-1: Foul Ball, location: 2F
2-2: Foul Ball, location: 2F
2-2: Fly out, F9 (Flyball, 9D)
Bottom of the 8th over - 0 runs, 1 hit, 0 errors, 2 left on base; Plymouth 1 - Pueblo 3
TOP OF THE 9TH
Plymouth Cocks batting - Pitching for Pueblo Prairie Dogs : LHP Earnest Patterson
Pitching: RHP Mario Pérez
Now at SS: Lachlan Beresford
Batting: RHB Jeffrey Barker 0-0: Called Strike
0-1: Ball
1-1: Ball
2-1: Foul Ball, location: 2F
2-2: Ground out 4-3 (Groundball, 4)
Batting: RHB Sam Elder 0-0: Ball
1-0: Swinging Strike
1-1: Ball
2-1: Foul Ball, location: 2F
2-2: Ball
3-2: Ground out 6-3 (Groundball, 6)
Batting: RHB Marcos Pérez 0-0: Called Strike
0-1: Swinging Strike
0-2: Ball
1-2: Strikes out looking
Top of the 9th over - 0 runs, 0 hits, 0 errors, 0 left on base; Plymouth 1 - Pueblo 3
Saturday, December 16th, 2017 - OOTP Baseball 18.8 Build 76